 Dungeon Crawl Stone Soup version 0.23-a0-261-g133332c (console) character file.

335 nht the Sneak (level 6, -3/58 HPs)
             Began as an Octopode Assassin on Sept 29, 2018.
             Killed by divine providence
             ... invoked by an orc priest
              (14 damage)
             ... on level 4 of the Dungeon.
             The game lasted 00:04:37 (3092 turns).

nht the Sneak (Octopode Assassin)                   Turns: 3092, Time: 00:04:38

Health: -3/58      AC: 23    Str: 11    XL:     6   Next: 53%
Magic:  6/6        EV:  2    Int: 13    God:
Gold:   178        SH:  0    Dex: 15    Spells: 5/5 levels left

rFire    . . .     SeeInvis .   a - +2 dagger
rCold    . . .     Gourm    .   (no shield)
rNeg     + + +     Faith    .   (helmet currently unavailable)
rPois    +         Spirit   .   (no amulet)
rElec    .         Reflect  .   (no ring)
rCorr    .         Harm     .   (no ring)
MR       .....     NoTele   +   (no ring)
Stlth    +++.......             (no ring)
HPRegen  0.19/turn              (no ring)
MPRegen  0.10/turn              (no ring)
                                (no ring)
                                (no ring)

@: tree-form
A: almost no armour, stealthy swim, (amphibious), 8 rings, (constrict 8)
a: no special abilities


You were on level 4 of the Dungeon.
You were not hungry.
You were a tree.
You visited 1 branch of the dungeon, and saw 4 of its levels.

You collected 178 gold pieces.

Inventory:

Hand Weapons
 a - a +2 dagger (weapon)
 b - a +0 blowgun
Missiles
 c - 8 poisoned needles
 d - 2 curare-tipped needles
 t - 4 tomahawks (quivered)
Armour
 l - a +0 large shield
Scrolls
 e - 2 scrolls of immolation {unknown}
 h - a scroll of noise {unknown}
 j - a scroll of blinking {unknown}
 o - 2 scrolls of amnesia {unknown}
 p - 2 scrolls of magic mapping {unknown}
 q - a scroll of enchant weapon {unknown}
 s - a scroll of identify
Potions
 g - 3 potions of agility
 i - 3 potions of resistance
 k - 3 potions of curing
 m - a potion of mutation
Comestibles
 f - 7 rations
 n - a chunk of flesh


   Skills:
 - Level 2.0 Fighting
 * Level 4.8 Short Blades
 - Level 2.0 Throwing
 + Level 3.1 Dodging
 - Level 6.0 Stealth
 + Level 2.5 Shields


You had 5 spell levels left.
You didn't know any spells.
Your spell library was empty.

Dungeon Overview and Level Annotations

Branches:
Dungeon (4/15)
 Temple: D:4-7

Altars:


Innate Abilities, Weirdness & Mutations

You cannot wear most types of armour.
You are very stealthy in the water. (Stealth+)
((You are amphibious.))
You can wear up to eight rings at the same time.
((You can use your tentacles to constrict eight enemies at once.))
((Your skin changes colour to match your surroundings (Stealth+).))
((Your rubbery body absorbs attacks. (AC +1, EV +1)))


Message History

The worker ant bites you but does no damage.
The orc priest hits you with a flail. The orc hits you with a whip.
You closely miss the orc priest.
The orc priest is severely wounded.
The scorpion stings you but does no damage.
The worker ant bites you. The orc hits you but does no damage. x2
The orc completely misses you.
You hit the orc priest but do no damage.
The orc priest is severely wounded.
The orc priest hits you but does no damage.
The scorpion stings you.
* * * LOW HITPOINT WARNING * * *
The worker ant bites you.
* * * LOW HITPOINT WARNING * * *
You hit the orc priest but do no damage.
The orc priest is severely wounded.
The orc hits you but does no damage. x3
The orc priest invokes the aid of Beogh against you.
Beogh smites you!
You die...

.█ █...██.. .███
.█.█.█.█ ...█
█████████'█.....█ ██
█.......<....)o.█ .█
█...............█ .█
█.........(.█o.......
.█
███.......$....█.....██
.█
█.....aooo.....█.......
.█
█......♣s.............█
.█
█.......o.....█+█'█...█
.██ █.....██........
...█ ..█
█.....██......... ███
█.█ █.
█.....██..$....... █.██
█.█ █.....██..........
█..█ █.█ █.....█


███████ ██.███.█ █.....█ █..██.█ █.....█ You could see a scorpion, a worker ant,
an orc priest and 3 orcs.

Vanquished Creatures
  Menkaure (D:4)
  A bullfrog skeleton (D:4)
  2 orc wizards
  4 adders
  An adder skeleton (D:4)
  4 worms
  4 leopard geckos
  10 orcs
  5 bats
  A giant cockroach (D:3)
  9 goblins
  9 hobgoblins
  4 jackals (D:1)
  A quokka (D:2)
  A ball python (D:4)
  4 frilled lizards
  6 kobolds
  6 rats
73 creatures vanquished.

Notes
Turn   | Place    | Note
-------+----------+-------------------------------------------
     0 | D:1      | nht the Octopode Assassin began the quest for the Orb.
     0 | D:1      | Reached XP level 1. HP: 14/14 MP: 1/1
   190 | D:1      | Reached XP level 2. HP: 19/19 MP: 2/2
  1258 | D:2      | Reached XP level 3. HP: 24/24 MP: 3/3
  1643 | D:2      | Reached XP level 4. HP: 29/29 MP: 4/4
  1932 | D:3      | Reached skill level 1 in Shields
  1985 | D:3      | Reached skill level 6 in Stealth
  2230 | D:3      | Reached XP level 5. HP: 25/34 MP: 5/5
  2624 | D:4      | Noticed Menkaure
  2626 | D:4      | Killed Menkaure
  2626 | D:4      | Reached XP level 6. HP: 19/39 MP: 6/6
  3092 | D:4      | Killed from afar by an orc priest

Vault maps used:
D:1:      sevenhm_arrival_forest_fort_large_4
D:2:      amethyst_killhole
D:3:      grunt_ministairs_2, guppyfry_early_orc_mine
D:4:      first_ration, uniq_menkaure

Skill      XL: |  1  2  3  4  5 |
---------------+----------------+-----
Short Blades   | 3 4 |  4.8
Shields        | 1 2 |  2.5
Dodging        | 2 3 |  3.1
Stealth        | 6 |  6.0
Fighting       | |  2.0
Throwing       | |  2.0

Action                   |  1- 3 |  4- 6 || total
-------------------------+-------+-------++-------
Melee: Dagger            |    58 |   110 ||   168
       Constrict         |    12 |    21 ||    33
       Tentacles         |     4 |    17 ||    21
 Fire: Blowgun           |       |     8 ||     8
Throw: Throwing net      |       |     1 ||     1
  Use: Scroll            |     4 |     1 ||     5
       Potion            |       |     1 ||     1
 Stab: Sleeping          |    16 |     9 ||    25
       Held in net/web   |       |     1 ||     1
  Eat: Chunk             |     2 |     5 ||     7
Armor: Skin              |     3 |    64 ||    67
Dodge: Dodged            |    29 |    43 ||    72

Table legend:
 A = Non-vault XP
 B = Vault XP
 C = Vault XP percentage of total XP
 D = Non-vault monster count
 E = Vault monster count
 F = Vault count percentage of total count
                 A         B        C        D         E       F
            +---------+---------+-------+---------+---------+-------
      Total |     291 |     188 |  39.2 |      63 |      10 |  13.7
            +---------+---------+-------+---------+---------+-------
        D:1 |      32 |       0 |   0.0 |      18 |       0 |   0.0
        D:2 |      52 |       0 |   0.0 |      16 |       0 |   0.0
        D:3 |      81 |      19 |  19.0 |      19 |       9 |  32.1
        D:4 |     126 |     169 |  57.3 |      10 |       1 |   9.1
            +---------+---------+-------+---------+---------+-------
